Map: Frozen Temple

Players

Neeb - Winner!

  • Race: Protoss Protoss

uThermal

  • Race: Terran Terran

Event: 2016 WCS Summer Circuit Championship (DH Montreal)

VOD

Have the link to the VOD?

Description

Time

  • Played on: Aug. 13, 2016, 2:07 p.m.
  • Length: 6:50

All games in this series

Show
View Real Time Build Order
Export as new Build Order

Neeb Protoss - Winner!

Build Orders: 1 Gate Expand 

Get SALT Encoding   

  12  0:00  Probe (Chrono Boost)  
  13  0:11  Probe (Chrono Boost)  
  14  0:17  Pylon  
  14  0:22  Probe (Chrono Boost)  
  15  0:35  Probe (Chrono Boost)  
  16  0:36  Gateway  
  16  0:45  Probe (Chrono Boost)  
  16  0:47  Assimilator  
  17  0:56  Probe (Chrono Boost)  
  18  1:07  Probe (Chrono Boost)  
  19  1:17  Nexus  
  19  1:21  Probe (Chrono Boost)  
  20  1:30  Cybernetics Core  
  20  1:34  Probe (Chrono Boost)  
  21  1:41  Assimilator  
  21  1:45  Probe (Chrono Boost)  
  22  1:49  Pylon  
  22  1:55  Probe (Chrono Boost)  
  22  2:00  Warp Gate  
  23  2:03  Adept  
  26  2:09  Probe (Chrono Boost)  
  26  2:21  Probe (Chrono Boost)  
  27  2:27  Adept  
  28  2:30  Probe (Chrono Boost)  
  28  2:34  Mothership Core (Chrono Boost)  
  32  2:40  Probe (Chrono Boost)  
  32  2:44  Robotics Facility  
  33  2:51  Probe (Chrono Boost)  
  34  2:54  Probe (Chrono Boost)  
  34  2:56  Adept  
  37  3:02  Gateway  
  37  3:08  Gateway  
  37  3:11  Probe (Chrono Boost)  
  37  3:12  Probe (Chrono Boost)  
  39  3:22  Probe (Chrono Boost)  
  39  3:24  Probe (Chrono Boost)  
  39  3:25  Pylon  
  41  3:28  Warp Prism  
  41  3:32  Probe (Chrono Boost)  
  44  3:39  Probe (Chrono Boost)  
  45  3:43  Probe (Chrono Boost)  
  46  3:51  Probe (Chrono Boost)  
  46  3:52  Pylon  
  46  3:53  Probe (Chrono Boost)  
  48  3:57  Twilight Council  
  49  4:05  Stalker x2  
  49  4:06  Stalker  
  49  4:09  Observer  
  54  4:10  Probe (Chrono Boost)  
  54  4:12  Probe (Chrono Boost)  
  54  4:14  Pylon  
  57  4:21  Probe (Chrono Boost)  
  58  4:28  Probe (Chrono Boost)  
  59  4:31  Adept  
  59  4:33  Adept x2  
  59  4:34  Probe (Chrono Boost)  
  59  4:36  Pylon  
  66  4:39  Dark Shrine  
  66  4:42  Probe (Chrono Boost)  
  66  4:45  Probe (Chrono Boost)  
  64  4:51  Immortal  
  62  4:55  Probe x2 (Chrono Boost)  
  62  4:58  Assimilator  
  62  4:59  Assimilator  
  69  5:09  Nexus  
  69  5:12  Probe (Chrono Boost)  
  69  5:15  Pylon  
  69  5:18  Pylon  
  69  5:20  Probe (Chrono Boost)  
  70  5:24  Probe (Chrono Boost)  
  71  5:31  Probe (Chrono Boost)  
  71  5:33  Adept x2  
  71  5:34  Adept  
  79  5:36  Probe (Chrono Boost), Observer  
  79  5:42  Probe (Chrono Boost)  
  81  5:48  Probe (Chrono Boost)  
  82  5:52  Gateway  
  82  5:53  Gateway  
  82  5:57  Dark Templar x2, Gateway  
  82  6:00  Dark Templar  
  82  6:04  Probe x2 (Chrono Boost)  
  88  6:16  Probe (Chrono Boost)  
  89  6:19  Probe (Chrono Boost)  
  89  6:24  Probe (Chrono Boost), Forge  
  95  6:28  Probe (Chrono Boost)  
  95  6:29  Probe (Chrono Boost)  
  95  6:31  Dark Templar x2  
  99  6:34  Probe (Chrono Boost)  
Show
View Real Time Build Order
Export as new Build Order

uThermal Terran 

Build Orders: Reaper Expand, MMM Bio 

Get SALT Encoding   

  12  0:01  SCV  
  13  0:14  SCV  
  14  0:18  Supply Depot  
  14  0:26  SCV  
  15  0:40  SCV  
  15  0:42  Barracks  
  16  0:45  Refinery  
  16  0:52  SCV  
  17  1:04  SCV  
  18  1:16  SCV  
  19  1:29  Reaper, Orbital Command  
  20  1:41  Command Center  
  20  1:54  Barracks  
  20  1:55  SCV  
  21  2:01  Barracks Reactor  
  21  2:07  SCV  
  22  2:11  Supply Depot  
  22  2:19  SCV  
  22  2:22  Refinery  
  23  2:28  Factory  
  23  2:33  SCV  
  24  2:38  Marine x2  
  24  2:42  Barracks Tech Lab  
  26  2:45  SCV  
  27  2:54  Orbital Command  
  27  2:57  Marine x2  
  27  2:58  SCV  
  29  3:10  Marine  
  29  3:11  Stimpack  
  30  3:14  SCV  
  30  3:15  Marine  
  30  3:19  SCV  
  33  3:24  Starport  
  33  3:26  Factory Reactor  
  33  3:28  Marine  
  33  3:31  Marine  
  33  3:32  SCV  
  36  3:36  SCV  
  36  3:39  Marine  
  37  3:47  SCV  
  37  3:48  Supply Depot  
  37  3:49  Marine  
  37  3:50  SCV  
  37  3:53  Marine  
  40  3:59  SCV  
  41  4:03  SCV  
  41  4:08  Factory Tech Lab  
  41  4:09  Medivac x2  
  46  4:10  Marine x2  
  46  4:11  SCV  
  46  4:12  Marine  
  46  4:16  Supply Depot  
  50  4:18  SCV  
  50  4:24  Refinery, SCV  
  52  4:27  Marine  
  52  4:30  Marine, SCV  
  54  4:37  Marine, SCV  
  56  4:40  Supply Depot  
  56  4:43  SCV  
  50  4:45  Marine  
  50  4:49  SCV  
  46  4:55  Siege Tank, SCV  
  46  4:57  Marine x2  
  51  5:04  Bunker  
  51  5:05  Marine  
  52  5:12  Combat Shields, SCV x2  
  54  5:15  Supply Depot  
  54  5:19  Marine x2  
  56  5:24  SCV x2  
  56  5:28  Marine  
  58  5:36  Marine, SCV  
  58  5:37  SCV  
  62  5:46  Barracks  
  62  5:48  Barracks, SCV  
  62  5:49  Engineering Bay, SCV  
  63  5:51  Marine  
  63  5:56  Siege Tank  
  67  6:01  SCV x2  
  66  6:04  Marine  
  66  6:06  Marine  
  68  6:13  Marine  
  66  6:21  Missile Turret  
  66  6:22  Missile Turret, Marine  
  66  6:24  Marine  
  66  6:31  Marine  
  63  6:41  Missile Turret  
Tags
 
Add a new tag
Caveats
  • Supply blocks, unpowered buildings, or Contaminate may cause inaccurate times.
  • Supply counts are checked every 10 seconds.